 Dungeon Crawl Stone Soup version 0.30.0 (webtiles) character file.

Game seed: 6420619474839496130

27 RKaid the Cudgeller (level 2, -1/25 HPs)
             Began as an Armataur Reaver on May 6, 2023.
             Was a Follower of Wu Jian.
             Slain by Terence
             ... wielding a +0 flail of protection
              (10 damage)
             ... on level 2 of the Dungeon.
             The game lasted 00:06:56 (800 turns).

RKaid the Cudgeller (Armataur Reaver)                Turns: 800, Time: 00:06:57

Health: -1/25      AC:  0    Str: 17    XL:     2   Next: 93%
Magic:  4/4        EV: 14    Int: 13    God:    Wu Jian [*.....]
Gold:   25         SH:  0    Dex:  8    Spells: 3/4 levels left

rFire   . . .        a - melded +0 mace
rCold   . . .        (shield currently unavailable)
rNeg    . . .        b - melded +0 leather armour
rPois   .            (helmet currently unavailable)
rElec   .            (cloak currently unavailable)
rCorr   .            (gloves currently unavailable)
SInv    .            (no barding)
Will    .....        d - amulet of the acrobat
Stlth   +            c - melded +5 ring of evasion
HPRegen 0.24/turn    (ring currently unavailable)
MPRegen 0.09/turn

%: acrobat, roll
@: pig-form, very quick
A: fast, no casting, small, rugged brown scales 3, (deformed body), (armoured
tail), roll, long tongue, awkward tongue
a: Renounce Religion


You were on level 2 of the Dungeon.
You worshipped Wu Jian.
Wu Jian was aware of your devotion.
You were a filthy swine.
You visited 1 branch of the dungeon, and saw 2 of its levels.

You collected 25 gold pieces.

Inventory:

Hand Weapons
 a - a +0 mace (melded)
Armour
 b - a +0 leather armour (melded)
Jewellery
 c - a +5 ring of evasion (melded)
 d - an amulet of the acrobat (around neck)
Scrolls
 g - a scroll of amnesia {unknown}
 h - a scroll of fear {unknown}
 i - a scroll of identify {unknown}
Potions
 e - 2 potions of cancellation {unknown}
 f - 4 potions of mutation {unknown}


   Skills:
 + Level 1.8 Fighting
 + Level 3.4 Maces & Flails
 + Level 0.2 Armour
 + Level 1.7 Dodging
 - Level 1.7 Spellcasting
 - Level 2.6 Conjurations


You had 3 spell levels left.
You knew the following spells:

 Your Spells              Type           Power      Damage    Failure   Level
a - Kiss of Death         Conj/Necr      16%        2d6       16%         1

Your spell library contained the following spells:

 Spells                   Type           Power      Damage    Failure   Level
 Momentum Strike          Conj/Tloc      8%         3d8       22%         2
 Hailstorm                Conj/Ice       4%         3d4       41%         3


Dungeon Overview and Level Annotations

Branches:
Dungeon (2/15)

Altars:
Wu Jian

Annotations:
D:2 Terence


Innate Abilities, Weirdness & Mutations

You are a filthy swine.
You move quickly.
Your equipment is almost entirely melded.
You are incapable of wielding weapons or throwing items.
You cannot cast spells.
(You are completely covered in rugged brown scales. (AC +3, +7% HP))
((Armour fits poorly on your strangely shaped body.))
((You have a long armoured tail.))
You roll when moving toward enemies. (Rampage)
Your long tongue fully drains potion bottles. (2x potion effects)
Your tongue gives you trouble enunciating. (1.5x scroll delay)


Message History

You thump the frilled lizard!
You kill the frilled lizard!
The Council accepts your kill.
A frilled lizard comes into view.
The frilled lizard hisses angrily.
A rat comes into view.
There are monsters nearby!
You roll towards the frilled lizard!
You hit the frilled lizard.
You kill the frilled lizard!
The Council accepts your kill.
The rat twitches its whiskers.
You roll towards the rat!
You hit the rat but do no damage. The rat misses you.
You closely miss the rat. You tail-slap the rat.
You kill the rat!
The Council accepts your kill.
No target in view!
Terence the Incautious comes into view.
He is wielding a +0 flail of protection and carrying a wand of polymorph (10).
Terence shouts!
Terence zaps a wand.
You resist with significant effort.
Press: ? - help, v - describe, . - travel
Here: Terence, wielding a +0 flail of protection, wearing a +0 chain mail and carrying a wand of polymorph (9)
The floor.
You start waiting.
Terence is nearby!
You hit Terence but do no damage.
Terence zaps a wand.
You turn into a filthy swine.
Your +0 mace melds into your body.
Your +0 leather armour melds into your body.
Your +5 ring of evasion melds into your body.
You hit Terence but do no damage. Terence barely misses you.
You barely miss Terence.
Terence hits you with a +0 flail of protection!
You hit Terence but do no damage.
Terence hits you with a +0 flail of protection!
You completely miss Terence. Terence barely misses you.
You barely miss Terence. Terence misses you.
You hit Terence but do no damage.
Terence hits you with a +0 flail of protection!
You die...

#####...##.##.# ####.#
......#.##.##.# #....#
......#.##.##.# #....#
......#.##.# .# #....######
......#.##.. #.........#
......#.##..#.#####.........#
.######.##..................#
.# ......####.##......# .#
#...h@...+......# .#
###+###.##......# ...
#..##.###### ... #..##.#
##.##.# ... .. #.#. ..+.. ###
..


You could see Terence.

Vanquished Creatures
  A worm (D:2)
  2 dart slugs (D:1)
  2 bats
  A giant cockroach (D:2)
  2 goblins
  A hobgoblin (D:1)
  A kobold (D:2)
  2 quokkas
  A ball python (D:1)
  2 frilled lizards (D:2)
  5 rats
20 creatures vanquished.

Notes
Turn   | Place    | Note
-------+----------+-------------------------------------------
     0 | D:1      | RKaid the Armataur Reaver began the quest for the Orb.
     0 | D:1      | Reached XP level 1. HP: 18/18 MP: 3/3
    57 | D:1      | Reached skill level 3 in Maces & Flails
   110 | D:1      | You fall into a shaft and drop 1 floor!
   127 | D:2      | Reached XP level 2. HP: 23/25 MP: 4/4
   250 | D:1      | Found a faded altar of an unknown god.
   277 | D:1      | Prayed at the altar of an unknown god.
   277 | D:1      | Became a worshipper of the Wu Jian Council
   277 | D:1      | Reached * piety under Wu Jian
   782 | D:2      | Noticed Terence
   800 | D:2      | Slain by Terence

Illustrated notes

Levels and vault maps discovered:
D:1:      onia_arrival_mini_spirals, layout_rooms,
          shapermc_ecumenical_altar_mp_highgroup
D:2:      layout_basic, nrook_uturn, minmay_3d_cube, uniq_jessica, uniq_terence

Skill      XL: |  1 |
---------------+----+-----
Maces & Flails | 3 |  3.4
Fighting       | |  1.8
Armour         | |  0.2
Dodging        | |  1.7
Spellcasting   | |  1.7
Conjurations   | |  2.6

Action                     || total
---------------------------++-------
  Melee: Mace              ||    62
         Tailslap          ||     7
         Unarmed           ||     6
Ability: Whirlwind         ||     2
 Armour: Leather armour    ||    19
  Dodge: Dodged            ||    41
